Map: Grań Lerilaka

Players

Gracz

  • Race: Terran Terran

SI 1 (Łatwa)

  • Race: Terran Terran

SI 2 (Trudna)

  • Race: Terran Terran

SI 3 (Średnio trudna)

  • Race: Protoss Protoss

VOD

Have the link to the VOD?

Description

Time

  • Played on: Feb. 21, 2016, 2:51 p.m.
  • Length: 8:55
Show
View Real Time Build Order
Export as new Build Order

Gracz Terran 

Build Orders: Reaper Expand 

Get SALT Encoding   

  12  0:04  SCV  
  13  0:13  Refinery  
  13  0:26  Refinery  
  13  0:32  Supply Depot  
  13  1:14  Barracks  
  13  1:22  SCV  
  13  1:23  Barracks  
  14  1:28  Barracks  
  14  1:34  SCV  
  15  1:46  SCV  
  16  1:58  SCV  
  17  2:27  Barracks, Barracks Reactor  
  17  2:28  Barracks Reactor x2  
  17  2:37  SCV  
  18  2:49  SCV  
  19  3:10  Reaper x3  
  19  3:11  Reaper  
  23  3:18  Supply Depot  
  23  3:40  Reaper x2  
  25  3:44  Barracks  
  25  3:45  Barracks Tech Lab  
  25  6:05  Reaper x2  
  25  6:06  Reaper  
  25  6:07  Reaper  
  25  6:08  Reaper x2  
  25  6:11  Barracks  
  31  6:51  Reaper  
  31  6:52  Reaper  
  27  6:58  Reaper x2  
  27  6:59  Reaper x2  
  27  7:00  Reaper  
  31  7:02  Reaper  
  27  7:23  Reaper  
  19  7:44  Marine x2  
  19  7:45  Marine x2  
  19  7:48  Marine x2  
  21  7:55  Reaper  
  19  8:12  Marine x2  
  17  8:13  Marine x2  
  13  8:20  Marine  
  13  8:21  Marine x2  
  10  8:27  Marine  
  6  8:48  Command Center  
Show
View Real Time Build Order
Export as new Build Order

SI 1 (Łatwa) Terran 

Build Orders:  

Get SALT Encoding   

  12  0:00  SCV  
  13  0:13  SCV  
  14  0:18  Supply Depot  
  14  0:25  SCV  
  15  0:40  SCV  
  15  0:42  Barracks  
  16  0:47  Refinery  
  16  1:11  Supply Depot  
  16  1:24  Refinery  
  16  1:31  Orbital Command  
  16  1:32  Marine  
  17  1:57  Marine  
  18  2:16  Barracks Tech Lab  
  18  2:19  Supply Depot  
  18  2:21  SCV  
  19  2:34  Marine, SCV  
  21  2:46  SCV  
  21  2:58  SCV  
  22  2:59  Marauder  
  24  3:10  SCV  
  25  3:22  SCV  
  25  3:24  Marine  
  27  3:34  SCV  
  28  3:50  Marauder  
  30  4:15  Marauder  
  32  7:00  Reaper  
  33  7:02  SCV  
  33  7:03  Supply Depot  
  34  7:10  Command Center  
  34  7:14  SCV  
  34  7:29  Factory  
  33  7:30  SCV  
  33  7:31  Supply Depot  
  33  7:33  Marauder  
  34  7:42  SCV  
  30  7:54  Marine, SCV  
  19  8:06  SCV  
  19  8:09  Command Center  
  19  8:11  Marine  
  18  8:18  SCV  
  12  8:29  Marine  
  12  8:31  SCV  
  7  8:43  SCV  
Show
View Real Time Build Order
Export as new Build Order

SI 2 (Trudna) Terran 

Build Orders: MMM Bio 

Get SALT Encoding   

  12  0:01  SCV  
  13  0:13  SCV  
  14  0:19  Supply Depot  
  14  0:25  SCV  
  15  0:40  SCV  
  15  0:42  Barracks  
  16  0:49  Refinery  
  16  0:52  SCV  
  17  1:04  SCV  
  18  1:16  SCV  
  19  1:22  Supply Depot  
  19  1:29  Marine, SCV  
  21  1:42  Barracks, Orbital Command  
  21  1:47  Marine  
  21  1:50  Refinery  
  22  2:06  Barracks Tech Lab  
  22  2:10  Supply Depot  
  22  2:24  Marine  
  23  2:32  Marine  
  24  2:41  Marine  
  24  2:42  Supply Depot  
  25  2:50  Marine  
  26  2:59  Marine  
  27  3:08  Marine  
  28  3:17  Marine  
  28  3:18  Supply Depot  
  28  3:19  SCV  
  30  3:26  Marine  
  31  3:31  Engineering Bay, SCV  
  32  3:35  Marauder  
  34  3:43  Marine, SCV  
  36  3:55  SCV  
  37  3:57  Marauder  
  37  4:01  Marine  
  40  4:07  SCV  
  41  4:18  Marine  
  41  4:19  SCV  
  41  4:21  Marine  
  44  4:36  Marauder  
  46  4:57  Marauder  
  48  6:21  Barracks Tech Lab  
  48  6:22  Terran Infantry Weapons Level 1, Stimpack  
  48  6:24  Factory  
  48  6:27  Factory  
  48  6:31  Supply Depot, Command Center  
  48  6:34  Missile Turret  
  48  6:36  Missile Turret  
  48  6:38  Concussive Shells  
  48  6:39  Barracks  
  44  6:56  Bunker  
  43  7:02  Marine  
  43  7:07  Factory Tech Lab  
  42  7:10  Marine  
  42  7:11  Starport  
  42  7:13  Starport, Factory Tech Lab  
  43  7:21  Combat Shields  
  43  7:27  Siege Tank  
  46  7:35  Marine  
  45  7:44  Marine  
  45  7:45  SCV  
  45  7:46  SCV  
  48  7:51  Refinery  
  48  7:53  Siege Tank  
  48  7:55  Missile Turret  
  48  7:57  SCV  
  51  7:58  Missile Turret, SCV  
  51  8:00  Refinery  
  51  8:02  Cyclone, Starport Tech Lab x2, Sensor Tower  
  53  8:09  SCV  
  53  8:11  Marine, SCV  
  56  8:18  Armory  
  56  8:19  Marine  
  57  8:20  Bunker  
  57  8:21  SCV  
  57  8:23  Barracks Reactor, SCV  
  63  8:31  Marine  
  63  8:33  SCV  
  64  8:35  SCV  
Show
View Real Time Build Order
Export as new Build Order

SI 3 (Średnio trudna) Protoss 

Build Orders:  

Get SALT Encoding   

  12  0:01  Probe (Chrono Boost)  
  13  0:11  Probe (Chrono Boost)  
  14  0:21  Pylon  
  14  0:22  Probe (Chrono Boost)  
  15  0:39  Probe (Chrono Boost)  
  16  0:47  Assimilator  
  16  0:49  Probe (Chrono Boost)  
  17  0:51  Gateway  
  17  1:00  Pylon, Probe (Chrono Boost)  
  18  1:28  Gateway  
  18  1:33  Assimilator  
  18  1:35  Zealot  
  20  1:43  Cybernetics Core  
  20  1:59  Zealot  
  22  2:14  Pylon  
  22  2:16  Zealot  
  22  2:18  Warp Gate  
  24  2:35  Zealot  
  26  2:55  Zealot  
  26  2:56  Pylon  
  28  3:08  Probe (Chrono Boost)  
  29  3:13  Stalker  
  32  3:20  Probe (Chrono Boost)  
  32  3:30  Forge  
  32  3:32  Probe (Chrono Boost)  
  33  3:34  Stalker  
  35  3:43  Probe (Chrono Boost)  
  35  3:47  Pylon  
  36  3:53  Adept  
  36  3:55  Probe (Chrono Boost)  
  39  4:07  Probe (Chrono Boost)  
  40  4:23  Adept  
  42  6:52  Sentry  
  44  6:55  Pylon  
  44  6:59  Robotics Facility  
  44  7:03  Photon Cannon  
  44  7:04  Nexus  
  44  7:07  Stalker  
  46  7:13  Photon Cannon  
  46  7:19  Stargate  
  46  7:21  Stalker  
  48  7:24  Gateway  
  48  7:29  Forge  
  48  7:34  Twilight Council  
  48  7:35  Sentry  
  50  7:46  Observer  
  50  7:50  Sentry  
  53  8:05  Observer, Stalker  
  52  8:19  Probe (Chrono Boost)  
  53  8:22  Probe (Chrono Boost)  
  53  8:23  Assimilator  
  53  8:25  Pylon  
  54  8:28  Pylon  
  54  8:30  Probe (Chrono Boost)  
  54  8:32  Assimilator  
  54  8:33  Probe (Chrono Boost)  
  56  8:41  Probe (Chrono Boost)  
  57  8:43  Probe (Chrono Boost)  
  58  8:49  Photon Cannon  
  58  8:51  Photon Cannon  
Tags
 
Add a new tag
Caveats
  • Supply blocks, unpowered buildings, or Contaminate may cause inaccurate times.
  • Supply counts are checked every 10 seconds.